Map: Ephemeron LE

Players

Astrea

  • Race: Protoss Protoss
  • League: Grandmaster
  • Spawn Location: 11:00

lllllllllll (sOs) - Winner!

  • Race: Protoss Protoss
  • League: Grandmaster
  • Spawn Location: 5:00

VOD

Have the link to the VOD?

Description

Time

  • Played on: Jan. 16, 2020, 5:13 a.m.
  • Length: 7:40
Show
View Real Time Build Order
Export as new Build Order

Astrea Protoss 

Build Orders:  

Get SALT Encoding   

  12  0:00  Probe  
  13  0:12  Probe  
  14  0:17  Pylon  
  14  0:25  Probe (Chrono Boost)  
  16  0:37  Probe (Chrono Boost), Gateway  
  16  0:43  Probe (Chrono Boost)  
  16  0:46  Assimilator  
  17  0:51  Probe  
  17  0:54  Assimilator  
  18  1:03  Probe (Chrono Boost)  
  19  1:08  Gateway  
  19  1:12  Probe (Chrono Boost)  
  19  1:17  Probe (Chrono Boost)  
  20  1:25  Cybernetics Core  
  21  1:29  Probe  
  22  1:34  Pylon  
  22  1:41  Probe  
  23  1:54  Probe  
  23  1:59  Warp Gate (Chrono Boost)  
  24  2:01  Stalker  
  24  2:02  Sentry  
  24  2:06  Probe  
  29  2:12  Pylon  
  29  2:18  Probe, Pylon  
  30  2:30  Probe  
  30  2:31  Stalker x2  
  35  2:43  Probe  
  35  2:58  Nexus  
  35  3:04  Probe, Sentry  
  38  3:10  Pylon  
  38  3:17  Probe  
  39  3:24  Robotics Facility  
  39  3:29  Probe  
  40  3:36  Shield Battery  
  40  3:41  Probe  
  41  3:49  Adept x2  
  46  3:56  Pylon  
  46  3:58  Pylon  
  46  4:09  Stalker x2  
  48  4:11  Probe  
  48  4:14  Probe  
  50  4:23  Probe  
  49  4:25  Pylon  
  42  4:41  Probe (Chrono Boost)  
  42  4:42  Probe (Chrono Boost)  
  42  4:51  Probe (Chrono Boost)  
  42  4:52  Probe (Chrono Boost)  
  42  4:56  Probe (Chrono Boost), Sentry x2  
  42  4:57  Probe (Chrono Boost)  
  48  5:05  Robotics Bay  
  48  5:07  Probe  
  48  5:10  Probe  
  50  5:16  Observer (Chrono Boost)  
  50  5:19  Probe  
  52  5:22  Probe  
  52  5:25  Pylon  
  53  5:30  Cybernetics Core  
  53  5:31  Probe  
  53  5:34  Probe  
  52  5:43  Probe  
  52  5:44  Cybernetics Core  
  52  5:46  Probe  
  52  5:49  Warp Prism (Chrono Boost)  
  54  5:55  Probe  
  57  5:58  Probe, Assimilator  
  57  6:01  Assimilator  
  58  6:07  Probe  
  58  6:09  Gravitic Drive  
  58  6:10  Probe  
  60  6:15  Disruptor (Chrono Boost)  
  63  6:20  Probe  
  63  6:22  Probe  
  65  6:26  Pylon  
  65  6:32  Probe  
  66  6:34  Probe  
  67  6:40  Disruptor (Chrono Boost)  
  67  6:43  Pylon  
  67  6:44  Probe  
  67  6:46  Observer  
  71  6:52  Gateway, Twilight Council  
  71  6:53  Gateway  
  71  6:56  Gateway  
  71  6:58  Gateway  
  71  7:00  Sentry, Stalker  
  75  7:06  Observer  
  75  7:07  Pylon  
  75  7:08  Disruptor (Chrono Boost)  
  77  7:25  Stalker x2  
Show
View Real Time Build Order
Export as new Build Order

lllllllllll Protoss - Winner!

Build Orders: Mass Adepts, Zealot Archon 

Get SALT Encoding   

  12  0:00  Probe  
  13  0:13  Probe  
  14  0:18  Pylon  
  14  0:25  Probe (Chrono Boost)  
  15  0:36  Gateway  
  15  0:38  Probe (Chrono Boost)  
  16  0:43  Probe (Chrono Boost)  
  16  0:46  Assimilator  
  17  0:52  Probe (Chrono Boost)  
  17  0:54  Assimilator  
  19  1:04  Probe (Chrono Boost)  
  19  1:07  Gateway  
  19  1:13  Probe (Chrono Boost)  
  20  1:18  Probe  
  20  1:23  Cybernetics Core  
  21  1:31  Probe  
  22  1:33  Pylon  
  22  1:43  Probe  
  23  1:55  Probe  
  23  1:57  Warp Gate (Chrono Boost)  
  23  1:59  Adept x2  
  28  2:07  Probe  
  29  2:12  Pylon  
  29  2:27  Pylon  
  29  2:30  Adept x2  
  33  2:47  Nexus  
  33  3:00  Adept x2  
  37  3:06  Pylon  
  37  3:24  Robotics Facility  
  37  3:33  Probe  
  38  3:38  Adept x2  
  42  3:45  Probe  
  42  3:47  Shield Battery  
  43  3:55  Shield Battery  
  43  3:57  Probe (Chrono Boost)  
  43  4:00  Probe (Chrono Boost)  
  43  4:02  Sentry x2  
  49  4:09  Probe (Chrono Boost)  
  51  4:11  Probe (Chrono Boost)  
  51  4:14  Probe (Chrono Boost), Observer  
  51  4:15  Probe (Chrono Boost)  
  48  4:36  Adept x2  
  48  4:38  Probe x2  
  50  4:49  Immortal  
  50  4:50  Probe x2  
  56  4:55  Pylon  
  56  5:02  Probe (Chrono Boost)  
  56  5:03  Probe (Chrono Boost)  
  58  5:11  Forge, Twilight Council  
  60  5:14  Probe (Chrono Boost)  
  60  5:16  Probe (Chrono Boost)  
  60  5:20  Assimilator  
  60  5:21  Assimilator  
  60  5:23  Probe (Chrono Boost)  
  60  5:25  Probe (Chrono Boost)  
  62  5:37  Immortal (Chrono Boost)  
  64  5:52  Probe x2  
  64  5:53  Charge  
  66  5:59  Pylon  
  66  6:07  Probe x2  
  66  6:11  Gateway  
  68  6:13  Warp Prism (Chrono Boost)  
  68  6:15  Gateway, Templar Archives  
  70  6:23  Probe  
  70  6:24  Probe  
  72  6:29  Gateway x2  
  72  6:33  Gateway  
  72  6:38  Gateway  
  72  6:41  Pylon  
  72  6:51  High Templar x2  
  76  6:56  Archon  
  76  7:04  Nexus  
  76  7:08  Pylon  
  76  7:09  High Templar x2  
  76  7:13  Archon  
  80  7:16  Probe x2  
  70  7:38  Zealot x4  
  70  7:39  Zealot x2  
Tags
 
Add a new tag
Caveats
  • Supply blocks, unpowered buildings, or Contaminate may cause inaccurate times.
  • Supply counts are checked every 10 seconds.